 Dungeon Crawl Stone Soup version 0.23.2-33-g5129a83184 (webtiles) character file.

Game seed: 8645889109748200000

49 Ivernyr the Shield-Bearer (level 3, -2/20 HPs)
             Began as a Vine Stalker Fighter on June 27, 2019.
             Slain by Crazy Yiuf
             ... wielding a +4 quarterstaff of chaos
              (5 damage)
             ... on level 2 of the Dungeon.
             The game lasted 00:02:59 (1441 turns).

Ivernyr the Shield-Bearer (Vine Stalker Fighter)    Turns: 1441, Time: 00:03:00

Health: -2/20      AC:  6    Str: 18    XL:     3   Next: 75%
Magic:  0/4        EV:  6    Int:  8    God:
Gold:   88         SH:  8    Dex: 14    Spells: 2/2 levels left

rFire    . . .     SeeInvis .   a - +0 flail
rCold    . . .     Gourm    .   c - +0 shield
rNeg     . . .     Faith    .   b - +0 scale mail
rPois    .         Spirit   +   (no helmet)
rElec    .         Reflect  .   (no cloak)
rCorr    .         Harm     .   (no gloves)
MR       .....                  (no boots)
Stlth    ..........             (no amulet)
HPRegen  0.06/turn              (no ring)
MPRegen  0.09/turn              (no ring)

@: heavily drained
A: fangs 2, magic shield, antimagic bite, no potion heal 3, rot immunity
a: no special abilities


You were on level 2 of the Dungeon.
You were hungry.

You visited 1 branch of the dungeon, and saw 2 of its levels.

You collected 88 gold pieces.

Inventory:

Hand Weapons
 a - a +0 flail (weapon)
Armour
 b - a +0 scale mail (worn)
 c - a +0 shield (worn)
Scrolls
 g - 2 scrolls of teleportation {unknown}
 j - 2 scrolls of remove curse {unknown}
Potions
 d - 2 potions of might
 e - a potion of brilliance {unknown}
 h - 2 potions of degeneration {unknown}
 i - a potion of flight {unknown}
Comestibles
 f - 5 rations


   Skills:
 + Level 3.1(1.8) Fighting
 + Level 2.3(1.1) Maces & Flails
 + Level 2.8(1.5) Armour
 + Level 3.1(1.9) Shields


You had 2 spell levels left.
You didn't know any spells.
Your spell library was empty.

Dungeon Overview and Level Annotations

Branches:
Dungeon (2/15)

Altars:

Annotations:
D:2 Crazy Yiuf


Innate Abilities, Weirdness & Mutations

You have extremely sharp teeth.
When hurt, damage is shared between your health and your magic reserves.
Your bite disrupts and absorbs the magic of your enemies.
Potions cannot restore your health.
You are immune to rotting.


Message History

Found a stone staircase leading down.
There is an open translucent door here.
There is an open translucent door here.
Crazy Yiuf is too close now for your liking.
Crazy Yiuf shouts!
Crazy Yiuf screams, "Fluff mobile head!"
Sorry, you're not good enough to have a special ability.
Crazy Yiuf grits, "Snoogle high sow!"
Your shield prevents you from hitting Crazy Yiuf.
You block Crazy Yiuf's attack.
Your shield and scale mail prevent you from hitting Crazy Yiuf.
You bite Crazy Yiuf, but do no damage.
Crazy Yiuf cries, "You leg down broken song, no?"
Crazy Yiuf hits you with a +4 quarterstaff of chaos!
Crazy Yiuf freezes you.
Crazy Yiuf hits you with a +4 quarterstaff of chaos!
* * * LOW HITPOINT WARNING * * *
You hit Crazy Yiuf but do no damage. Your bite misses Crazy Yiuf.
Crazy Yiuf hits you with a +4 quarterstaff of chaos.
You die...

#. #######. #...[... #
##.######. ..#### ####..
#< .... .... #. ####..#
#..#### #.
.........#....... #.
#..####.@g####. #)
#....##.##.... #. ####
#.....## ######.
#...###...#.... ^......
#.........#.########.....
#.........#........#...>.
........###....###.#.....
.....#...###....#...#.....
....##..........#.###.....


You could see Crazy Yiuf.

Vanquished Creatures
  2 oozes
  4 leopard geckos
  6 bats
  3 giant cockroaches (D:1)
  3 goblins (D:1)
  4 hobgoblins (D:1)
  2 jackals (D:2)
  4 kobolds (D:1)
  3 rats (D:1)
31 creatures vanquished.

Notes
Turn   | Place    | Note
-------+----------+-------------------------------------------
     0 | D:1      | Ivernyr the Vine Stalker Fighter began the quest for the
                  | Orb.
     0 | D:1      | Reached XP level 1. HP: 11/11 MP: 2/2
   455 | D:1      | Reached XP level 2. HP: 14/16 MP: 3/3
   704 | D:1      | Reached XP level 3. HP: 20/20 MP: 4/4
  1026 | D:2      | Found a runed translucent door.
  1027 | D:2      | Noticed Crazy Yiuf
  1441 | D:2      | Slain by Crazy Yiuf

Skill      XL: |  1  2 |
---------------+-------+-----
Maces & Flails | 2 |  2.3
Shields        | 3 |  3.1
Fighting       | 3 |  3.1
Armour         | |  2.8

Action                   || total
-------------------------++-------
Melee: Flail             ||   100
       Bite              ||    22
  Eat: Chunk             ||     1
Armor: Scale mail        ||    67
Dodge: Dodged            ||    34
Block: Shield            ||    80
